 Dungeon Crawl Stone Soup version 0.29.0-15-g675c0067aa (webtiles) character file.

Game seed: 12266763767831729318

1079 qw the Cleaver (level 8, -2/106 HPs)
             Began as a Minotaur Berserker on Sept 11, 2022.
             Was a Believer of Trog.
             Killed from afar by an electric eel (6 damage)
             ... with a bolt of electricity
             ... on level 5 of the Dungeon.
             The game lasted 00:01:49 (5907 turns).

qw the Cleaver (Minotaur Berserker)                 Turns: 5907, Time: 00:01:50

Health: -2/106     AC: 14    Str: 25    XL:     8   Next: 8%
Magic:  7/7        EV: 10    Int:  4    God:    Trog [**....]
Gold:   111        SH:  0    Dex:  9    Spells: 7/7 levels left

rFire   + + .      SeeInvis .   Y - +0 hand axe
rCold   x . .      Faith    .   (no shield)
rNeg    . . .      Spirit   .   a - +1 fire dragon scales
rPois   .          Reflect  .   (helmet restricted)
rElec   .          Harm     .   (no cloak)
rCorr   .          Rampage  .   (no gloves)
Will    .....                   (no boots)
Stlth   ..........              (no amulet)
HPRegen 0.27/turn               k - +4 ring of protection
MPRegen 0.10/turn               (no ring)

@: berserking, very quick
A: horns 2, retaliatory headbutt
a: Renounce Religion, Berserk, Trog's Hand


You were on level 5 of the Dungeon.
You worshipped Trog.
Trog was pleased with you.
You visited 1 branch of the dungeon, and saw 5 of its levels.

You collected 291 gold pieces.
You spent 180 gold pieces at shops.


Innate Abilities, Weirdness & Mutations

You have a pair of horns on your head.
You reflexively headbutt those who attack you in melee.


   Skills:
 - Level 6.3 Fighting
 + Level 10.0 Axes
 - Level 2.3 Throwing
 - Level 3.2 Armour
 - Level 2.1 Dodging


You had 7 spell levels left.
You didn't know any spells.
Your spell library was empty.

Inventory:

Hand Weapons
 l - a +2 flail of protection
 Y - a +0 hand axe (weapon)
Missiles
 f - 3 boomerangs
 i - 4 silver javelins (quivered)
Armour
 a - +1 fire dragon scales (worn)
 m - a +0 chain mail
Jewellery
 b - an amulet of the acrobat
 k - a +4 ring of protection (left hand)
 o - a ring of see invisible
 p - an amulet of faith
Scrolls
 g - a scroll of identify
Potions
 c - 2 potions of might
 d - 3 potions of heal wounds
 h - a potion of attraction {unknown}
 j - a potion of brilliance {unknown}
 n - a potion of mutation {unknown}

Dungeon Overview and Level Annotations

Branches:
Dungeon (5/15)             Temple (0/1) D:4

Altars:
Nemelex Xobeh
Okawaru
Sif Muna
Uskayaw
Zin

Shops:
D:3 =   D:5 =:


Message History

You open the door.
An electric eel is nearby!
5896 ||| Stepping ~*~*~tactically~*~*~ (stealth).
5898 ||| Stepping ~*~*~tactically~*~*~ (stealth).
There is an open door here.
The electric eel shoots out a bolt of lightning at you!
The bolt of electricity hits you.
The electric eel shoots out a bolt of lightning at you!
The bolt of electricity hits you!
The electric eel shoots out a bolt of lightning at you!
The bolt of electricity hits the plant!
The plant begins to die.
The bolt of electricity hits you!
The electric eel shoots out a bolt of lightning at you!
The bolt of electricity hits the plant!
The bolt of electricity hits you.
The electric eel shoots out a bolt of lightning at you!
The bolt of electricity hits the plant!
The bolt of electricity hits you.
The electric eel shoots out a bolt of lightning at you!
The bolt of electricity hits you!
5905 ||| INVOKING Berserk.
A red film seems to cover your vision as you go berserk!
You feel yourself moving faster!
You feel mighty!
The electric eel shoots out a bolt of lightning at you!
The bolt of electricity hits you!
The electric eel shoots out a bolt of lightning at you!
The bolt of electricity hits you!
The electric eel shoots out a bolt of lightning at you!
The bolt of electricity misses you.
You feel a strong urge to attack something.
The electric eel shoots out a bolt of lightning at you!
The bolt of electricity hits you!
The bolt of electricity hits the plant! x2
The plant begins to die.
The electric eel shoots out a bolt of lightning at you!
The bolt of electricity hits you.
You see here 6 poisoned darts.
You barely miss the electric eel. Your headbutt misses the electric eel.
You closely miss the electric eel. You slash the plant!
A nearby plant withers and dies.
The electric eel shoots out a bolt of lightning at you!
The bolt of electricity hits you.
You die...

#.........# #######
#..}.}..
###.#########..~~~##
#....... #.#
#####~..####~##
#...\...
#.###..[~~##'..##.#
#......#
#.##..#####.....#.#
##.}.}.#
#.####'..##.....#.#
#.....# #.#
....#~..PP#.#
####### #.#
#.....#.~~.(#~# #.#
#P..P~#@.!~.#~# #.#
#?.PP$#SSS~~#~# #.#
#~!"..##~~~##~#
#.###~S~SS######.##
#..###~S~##~%...##
##...#####~######
##..'...~##
##.###### ###


You could see 3 electric eels.

Vanquished Creatures
  Sigmund (D:2)
  Edmund (D:4)
  An acid dragon (D:5)
  An ogre (D:5)
  A scorpion (D:4)
  A howler monkey (D:4)
  2 orc priests
  Jessica (D:2)
  3 iguanas
  Natasha (thrice) (D:2)
  4 orc wizards
  Terence (D:2)
  7 adders
  A white imp (D:5)
  2 dart slugs
  16 orcs
  5 endoplasms
  3 giant cockroaches
  5 goblins
  4 hobgoblins
  2 jackals (D:2)
  9 kobolds
  9 quokkas
  8 ball pythons
  3 bats
  5 frilled lizards
  6 rats
105 creatures vanquished.

Vanquished Creatures (others)
  5 fungi (D:1)
  4 plants
9 creatures vanquished.

Grand Total: 114 creatures vanquished

Notes
Turn   | Place    | Note
-------+----------+-------------------------------------------
     0 | D:1      | qw the Minotaur Berserker began the quest for the Orb.
     0 | D:1      | Reached XP level 1. HP: 19/19 MP: 0/0
     0 | D:1      | 0 ||| qw: Version: 0.1-a-119-g272c26d
     0 | D:1      | 0 ||| qw: Game counter: 10713
     0 | D:1      | 0 ||| qw: Always use a shield: true
     0 | D:1      | 0 ||| qw: Do Orc after D:15 true
     0 | D:1      | 0 ||| qw: Do second Lair branch before Depths: true
     0 | D:1      | 0 ||| qw: Lair rune preference: random
     0 | D:1      | 0 ||| qw: Plans: Normal
     0 | D:1      | 0 ||| PLANNING D:1-11
   131 | D:1      | Reached skill level 4 in Axes
   208 | D:1      | Reached XP level 2. HP: 26/26 MP: 1/1
   375 | D:1      | 375 ||| Stepping ~*~*~tactically~*~*~ (stealth).
   380 | D:1      | 380 ||| Stepping ~*~*~tactically~*~*~ (stealth).
   381 | D:1      | 381 ||| Stepping ~*~*~tactically~*~*~ (stealth).
   800 | D:1      | Found a faded altar of an unknown god.
  1077 | D:1      | 1077 ||| Stepping ~*~*~tactically~*~*~ (stealth).
  1080 | D:1      | 1080 ||| Stepping ~*~*~tactically~*~*~ (stealth).
  1178 | D:1      | 1178 ||| UPGRADING to +0 ring mail.
  1188 | D:1      | 1188 ||| DROPPING +0 animal skin.
  1189 | D:1      | 1189 ||| READING scroll labelled FEQIADI EPNIF.
  1190 | D:1      | 1190 ||| READING scroll labelled JAIGOFI FAMUDEOLL.
  1191 | D:1      | 1191 ||| READING 2 scrolls labelled YSSEAP WIOGI.
  1192 | D:1      | 1192 ||| READING 2 scrolls labelled KOEDYARHUCS.
  1232 | D:2      | Reached skill level 5 in Axes
  1248 | D:2      | 1248 ||| Stepping ~*~*~tactically~*~*~ (stealth).
  1250 | D:2      | 1250 ||| Stepping ~*~*~tactically~*~*~ (hiding).
  1256 | D:2      | Reached XP level 3. HP: 31/31 MP: 2/2
  1299 | D:2      | 1299 ||| Stepping ~*~*~tactically~*~*~ (stealth).
  1366 | D:2      | Noticed Terence
  1367 | D:2      | 1367 ||| INVOKING Berserk.
  1370 | D:2      | Killed Terence
  1487 | D:2      | 1487 ||| DROPPING +0 whip.
  1497 | D:2      | Noticed Sigmund
  1499 | D:2      | 1499 ||| INVOKING Berserk.
  1507 | D:2      | Killed Sigmund
  1508 | D:2      | Reached skill level 7 in Axes
  1508 | D:2      | Reached XP level 4. HP: 39/39 MP: 3/3
  1508 | D:2      | Reached XP level 5. HP: 45/45 MP: 4/4
  1659 | D:2      | Noticed Natasha
  1660 | D:2      | 1660 ||| Stepping ~*~*~tactically~*~*~ (hiding).
  1665 | D:2      | 1665 ||| INVOKING Berserk.
  1668 | D:2      | Killed Natasha
  1832 | D:2      | 1832 ||| Stepping ~*~*~tactically~*~*~ (stealth).
  1835 | D:2      | Noticed Natasha
  1836 | D:2      | 1836 ||| Stepping ~*~*~tactically~*~*~ (stealth).
  1837 | D:2      | 1837 ||| Stepping ~*~*~tactically~*~*~ (stealth).
  1991 | D:2      | Noticed Jessica
  1992 | D:2      | 1992 ||| Stepping ~*~*~tactically~*~*~ (hiding).
  2005 | D:2      | Killed Jessica
  2006 | D:2      | Reached XP level 6. HP: 46/52 MP: 5/5
  2059 | D:2      | 2059 ||| Stepping ~*~*~tactically~*~*~ (hiding).
  2061 | D:2      | 2061 ||| Stepping ~*~*~tactically~*~*~ (hiding).
  2064 | D:2      | 2064 ||| INVOKING Berserk.
  2071 | D:2      | Killed Natasha
  2072 | D:2      | Reached skill level 8 in Axes
  2278 | D:2      | 2278 ||| Stepping ~*~*~tactically~*~*~ (stealth).
  2280 | D:2      | 2280 ||| Stepping ~*~*~tactically~*~*~ (stealth).
  2318 | D:2      | Noticed Natasha
  2319 | D:2      | 2319 ||| Stepping ~*~*~tactically~*~*~ (stealth).
  2321 | D:2      | 2321 ||| Stepping ~*~*~tactically~*~*~ (hiding).
  2323 | D:2      | 2323 ||| INVOKING Berserk.
  2326 | D:2      | Killed Natasha
  2346 | D:2      | 2346 ||| Stepping ~*~*~tactically~*~*~ (stealth).
  2347 | D:2      | 2347 ||| Stepping ~*~*~tactically~*~*~ (stealth).
  2539 | D:2      | 2539 ||| UPGRADING to +0 scale mail.
  2549 | D:2      | 2549 ||| DROPPING +0 ring mail.
  2550 | D:2      | 2550 ||| UPGRADING to +4 ring of protection.
  2551 | D:2      | 2551 ||| READING scroll labelled AFEQET FUCRY.
  2552 | D:2      | 2552 ||| READING scroll labelled WUSUSU TERPH.
  2572 | D:3      | 2572 ||| STAIRDANCE
  2611 | D:3      | 2611 ||| Stepping ~*~*~tactically~*~*~ (stealth).
  2764 | D:3      | 2764 ||| INVOKING Berserk.
  2944 | D:3      | 2944 ||| Stepping ~*~*~tactically~*~*~ (hiding).
  2950 | D:3      | Reached ** piety under Trog
  3062 | D:3      | Found Siarph's Jewellery Shoppe.
  3065 | D:3      | 3065 ||| SHOPLISTING ring of ice (350 gold, have 138).
  3065 | D:3      | 3065 ||| SHOPLISTING ring of positive energy (280 gold,
                  | have 138).
  3110 | D:3      | Found a hide-covered altar of Uskayaw.
  3204 | D:3      | Found a sparkling altar of Nemelex Xobeh.
  3216 | D:3      | Found a shimmering blue altar of Sif Muna.
  3216 | D:3      | Found an iron altar of Okawaru.
  3617 | D:3      | 3617 ||| READING scroll labelled XIWIOX GUYDD.
  3618 | D:3      | 3618 ||| READING scroll labelled EHUECL YMEET.
  3719 | D:3      | 3719 ||| DRINKING 2 amethyst potions.
  3720 | D:3      | 3720 ||| DRINKING 3 puce potions.
  3721 | D:3      | 3721 ||| READING 2 scrolls of identify.
  3721 | D:3      | 3721 ||| IDENTIFYING white potion
  3722 | D:3      | 3722 ||| DROPPING 2 potions of degeneration.
  3816 | D:4      | 3816 ||| Stepping ~*~*~tactically~*~*~ (hiding).
  3822 | D:4      | 3822 ||| INVOKING Berserk.
  3836 | D:4      | Reached skill level 9 in Axes
  3951 | D:4      | Reached XP level 7. HP: 55/60 MP: 6/6
  4001 | D:4      | 4001 ||| Stepping ~*~*~tactically~*~*~ (stealth).
  4002 | D:4      | 4002 ||| Stepping ~*~*~tactically~*~*~ (stealth).
  4003 | D:4      | 4003 ||| Stepping ~*~*~tactically~*~*~ (stealth).
  4004 | D:4      | 4004 ||| Stepping ~*~*~tactically~*~*~ (stealth).
  4201 | D:4      | Noticed Edmund
  4204 | D:4      | 4204 ||| INVOKING Berserk.
  4213 | D:4      | Killed Edmund
  4351 | D:4      | 4351 ||| DROPPING +1 vorpal flail.
  4467 | D:4      | Found a staircase to the Ecumenical Temple.
  4702 | D:4      | 4702 ||| UPGRADING to +0 fire dragon scales.
  4712 | D:4      | 4712 ||| DROPPING +0 scale mail.
  4713 | D:4      | 4713 ||| READING scroll of enchant armour.
  4713 | D:4      | 4713 ||| ENCHANTING +0 fire dragon scales.
  4714 | D:4      | 4714 ||| READING 2 scrolls of identify.
  4714 | D:4      | 4714 ||| IDENTIFYING brown potion
  4715 | D:4      | 4715 ||| DROPPING potion of lignification.
  4730 | D:3      | Found a glowing silver altar of Zin.
  4759 | D:5      | Entered Level 5 of the Dungeon
  4840 | D:5      | Found Bik Kyit's Jewellery Emporium.
  4852 | D:5      | 4852 ||| SHOPLISTING +6 ring of dexterity (432 gold, have
                  | 226).
  4852 | D:5      | 4852 ||| SHOPLISTING amulet of reflection (360 gold, have
                  | 226).
  4852 | D:5      | 4852 ||| SHOPLISTING ring of Waech {Ice Dex+5} (510 gold,
                  | have 226).
  4852 | D:5      | 4852 ||| SHOPLISTING ring of Ynucan {Will+ AC+4 Str-3
                  | Int+4} (608 gold, have 226).
  4852 | D:5      | 4852 ||| BUYING ring of see invisible (180 gold).
  4852 | D:5      | Bought a ring of see invisible for 180 gold pieces
  4852 | D:5      | 4852 ||| SHOPLISTING ring of willpower (300 gold, have 46).
  4906 | D:5      | 4906 ||| Stepping ~*~*~tactically~*~*~ (hiding).
  4911 | D:5      | 4911 ||| INVOKING Berserk.
  4914 | D:5      | Reached skill level 1 in Throwing
  5082 | D:5      | Found Heica's Vocational Training.
  5106 | D:5      | 5106 ||| Stepping ~*~*~tactically~*~*~ (hiding).
  5116 | D:5      | Reached skill level 10 in Axes
  5471 | D:5      | Reached skill level 3 in Armour
  5478 | D:5      | 5478 ||| DRINKING potion of curing.
  5478 | D:5      | 5478 ||| (to cure confusion)
  5624 | D:5      | 5624 ||| INVOKING Berserk.
  5628 | D:5      | Reached skill level 6 in Fighting
  5628 | D:5      | Reached XP level 8. HP: 52/71 MP: 7/7
  5790 | D:5      | 5790 ||| FLEEEEING.
  5896 | D:5      | 5896 ||| Stepping ~*~*~tactically~*~*~ (stealth).
  5898 | D:5      | 5898 ||| Stepping ~*~*~tactically~*~*~ (stealth).
  5905 | D:5      | 5905 ||| INVOKING Berserk.
  5905 | D:5      | HP: 25/106 [electric eel/bolt of electricity (10)]
  5906 | D:5      | HP: 5/106 [electric eel/bolt of electricity (8)]
  5907 | D:5      | Killed from afar by an electric eel

Levels and vault maps discovered:
D:1:      kennysheep_arrival_forest, layout_basic,
          dreamdust_ecumenical_altar_hidden_monk_grotto
D:2:      layout_loops_ring, uniq_sigmund, uniq_terence, uniq_jessica,
          uniq_natasha
D:3:      layout_basic, lemuel_round_altar, gammafunk_temple_overflow_elements,
          nicolae_overflow_hidden_temple, serial_shops, nicolae_shop_stone,
          minmay_misc_feat_nine_boxes
D:4:      layout_loops_cross, temple_statues, uniq_edmund
D:5:      cheibrodos_two_vegetables, layout_basic, serial_shops,
          nicolae_stop_n_shop_2, nicolae_shop_vocational

Skill      XL: |  1  2  3  4  5  6  7 |
---------------+----------------------+-----
Axes           | 4 5 7 9 10 | 10.0
Fighting       | 4 6 |  6.3
Throwing       | 2 |  2.3
Armour         | 3 |  3.2
Dodging        | |  2.1

Action                   |  1- 3 |  4- 6 |  7- 9 || total
-------------------------+-------+-------+-------++-------
Melee: Hand axe          |    66 |   127 |   126 ||   319
       Headbutt          |     8 |    10 |    15 ||    33
       Punch             |     1 |     1 |     2 ||     4
Throw: Boomerang         |       |     3 |    17 ||    20
       Javelin           |       |       |     2 ||     2
Invok: Berserk           |     2 |     5 |     4 ||    11
  Use: Scroll            |     4 |     5 |     2 ||    11
       Potion            |       |     2 |     1 ||     3
Armor: Animal skin       |     3 |       |       ||     3
       Ring mail         |     4 |    13 |       ||    17
       Scale mail        |       |    25 |    11 ||    36
       Fire dragon scale |       |       |    35 ||    35
Dodge: Dodged            |    27 |    45 |    38 ||   110

Table legend:
 A = Non-vault XP
 B = Vault XP
 C = Vault XP percentage of total XP
 D = Non-vault monster count
 E = Vault monster count
 F = Vault count percentage of total count
                 A         B        C        D         E       F
            +---------+---------+-------+---------+---------+-------
      Total |     853 |     689 |  44.7 |      97 |       8 |   7.6
            +---------+---------+-------+---------+---------+-------
        D:1 |      27 |       0 |   0.0 |      18 |       0 |   0.0
        D:2 |     129 |     318 |  71.1 |      22 |       4 |  15.4
        D:3 |      92 |       0 |   0.0 |      18 |       0 |   0.0
        D:4 |     303 |     171 |  36.1 |      26 |       1 |   3.7
        D:5 |     302 |     200 |  39.8 |      13 |       3 |  18.8
            +---------+---------+-------+---------+---------+-------
